 Dungeon Crawl Stone Soup version 0.22-a0-587-g7d32d7c (webtiles) character file.

16 CanOfBees the Ruffian (level 2, -1/26 HPs)
             Began as a Ghoul Monk on July 3, 2018.
             Slain by a jackal (3 damage)
             ... on level 1 of the Dungeon.
             The game lasted 00:00:59 (339 turns).

CanOfBees the Ruffian (Ghoul Monk)                   Turns: 339, Time: 00:01:00

Health: -1/26      AC:  2    Str: 14    XL:     2   Next: 58%
Magic:  1/1        EV: 13    Int:  5    God:
Gold:   54         SH:  0    Dex: 11    Spells: 1/1 levels left

rFire    . . .     SeeInvis .     - Unarmed
rCold    + . .     Gourm    .   (no shield)
rNeg     + + +     Faith    .   a - +0 robe
rPois    ∞         Spirit   .   (no helmet)
rElec    .         Reflect  .   (no cloak)
rCorr    .         Harm     .   (no gloves)
MR       .....                  (no boots)
Stlth    ++........             (no amulet)
HPRegen  0.00/turn              (no ring)
MPRegen  0.07/turn              (no ring)

@: rotting
A: rotting body, claws 1, carnivore, cold resistance 1, negative energy
resistance 3, inhibited regeneration, torment resistance, unbreathing
a: no special abilities


You were on level 1 of the Dungeon.
You were not hungry.

You visited 1 branch of the dungeon, and saw 1 of its levels.

You collected 54 gold pieces.

Inventory:

Armour
 a - a +0 robe (worn)
Scrolls
 c - a scroll of enchant armour {unknown}
 e - a scroll of identify {unknown}
 f - a scroll of teleportation {unknown}
Comestibles
 b - a ration
 d - 3 chunks of flesh


   Skills:
 + Level 3.5 Fighting
 + Level 0.5 Armour
 + Level 2.8 Dodging
 - Level 2.1 Stealth
 * Level 3.7 Unarmed Combat


You had one spell level left.
You didn't know any spells.
Your spell library was empty.

Dungeon Overview and Level Annotations

Branches:
Dungeon (1/15)

Altars:


Innate Abilities, Weirdness & Mutations

Your body is rotting away.
You thrive on raw meat.
You are immune to poison.
You have sharp fingernails.
You are carnivorous and can eat meat at any time.
Your flesh is cold resistant. (rC+)
You are immune to negative energy. (rN+++)
You do not regenerate when monsters are visible.
You are immune to unholy pain and torment.
You can survive without breathing.


Message History

You barely miss the jackal.
The jackal bites you but does no damage.
You claw the jackal!
You kill the jackal!
The jackal closely misses you. The jackal misses you. The jackal bites you.
* * * LOW HITPOINT WARNING * * *
You see here a jackal corpse.
You scratch the jackal.
The jackal is heavily wounded.
The jackal barely misses you.
You scratch the jackal.
The jackal is severely wounded.
The jackal bites you but does no damage.
You barely miss the jackal. Your claw misses the jackal.
The jackal is severely wounded.
The jackal bites you.
* * * LOW HITPOINT WARNING * * *
The jackal bites you.
You die...

♣♣♣♣...##..........
♣♣♣.............
♣.............)
♣♣............. ♣♣♣
♣♣.....#######
..♣♣♣ ♣♣.....###
♣...♣♣♣♣♣♣.....##
♣♣♣..≈≈≈♣♣♣♣♣♣.)##
♣♣♣≈≈≈♣♣♣ ♣♣♣@##
♣≈≈≈≈♣♣ ♣♣h.#
≈≈≈...♣♣♣♣♣ ♣..##
≈...♣.....♣♣♣♣♣..#
...♣♣♣♣.....♣...♣♣
♣.♣ ♣♣♣♣....♣♣♣ ♣♣
♣♣♣♣♣♣


You could see a jackal.

Vanquished Creatures
  A dart slug (D:1)
  A giant cockroach (D:1)
  A goblin (D:1)
  3 hobgoblins (D:1)
  A jackal (D:1)
  2 kobolds (D:1)
  A bat (D:1)
  A frilled lizard (D:1)
  3 rats (D:1)
14 creatures vanquished.

Notes
Turn   | Place    | Note
-------+----------+-------------------------------------------
     0 | D:1      | CanOfBees the Ghoul Monk began the quest for the Orb.
     0 | D:1      | Reached XP level 1. HP: 19/19 MP: 0/0
   238 | D:1      | Reached XP level 2. HP: 19/26 MP: 1/1
   339 | D:1      | Slain by a jackal

Vault maps used:
D:1:      kilobyte_arrival_exit_the_forest, hex_medium

Action                   || total
-------------------------++-------
Melee: Unarmed           ||    41
       Punch             ||     1
 Stab: Sleeping          ||     1
  Eat: Chunk             ||     2
Armor: Robe              ||    10
Dodge: Dodged            ||    41

Table legend:
 A = Spawn XP
 B = Non-spawn XP
 C = Spawn XP percentage of total XP
 D = Spawn monster count
 E = Non-spawn monster count
 F = Spawn count percentage of total count
 G = Total turns spent on level
                    A         B        C        D         E        F      G
               +---------+---------+-------+---------+---------+-------+---------
         Total |       0 |      24 |   0.0 |       0 |      14 |   0.0 |   339
               +---------+---------+-------+---------+---------+-------+---------
           D:1 |       0 |      24 |   0.0 |       0 |      14 |   0.0 |   339
               +---------+---------+-------+---------+---------+-------+---------
